 Dungeon Crawl Stone Soup version 0.30-a0-924-g0ad0bf95bc (webtiles) character file.

Game seed: 11539524297677479634

2244 ZappyNine the Slasher (level 9, -5/63 HPs)
             Began as a Gnoll Reaver on Mar 22, 2023.
             Was a Follower of Okawaru.
             Slain by a yak (14 damage)
             ... on level 7 of the Dungeon.
             The game lasted 00:11:55 (6651 turns).

ZappyNine the Slasher (Gnoll Reaver)                Turns: 6651, Time: 00:11:55

Health: -5/63      AC:  7    Str: 24    XL:     9   Next: 37%
Magic:  16/19      EV: 11    Int: 13    God:    Okawaru [*.....]
Gold:   419        SH:  4    Dex: 10    Spells: 12/21 levels left

rFire   + . .      SeeInvis .    p - +3 short sword (drain)
rCold   . . .      Faith    .    k - +0 buckler
rNeg    . . .      Spirit   .    t - +0 scale mail
rPois   .          Reflect  .    (no helmet)
rElec   .          Rampage  .    (no cloak)
rCorr   .                        (no gloves)
Will    .....                    (no boots)
Stlth   +                        (no amulet)
HPRegen 0.30/turn                m - +6 ring of strength
MPRegen 0.16/turn                (no ring)

@: no status effects
A: fangs 1, strong nose, distributed training, fire resistance 1, frail 1,
strong 1
a: Renounce Religion, Heroism


You were on level 7 of the Dungeon.
You worshipped Okawaru.
Okawaru was aware of your devotion.
You visited 2 branches of the dungeon, and saw 9 of its levels.

You collected 419 gold pieces.

Inventory:

Hand Weapons
 a - a +0 falchion
 p - a +3 short sword of draining (weapon)
Missiles
 e - 3 atropa-tipped darts
 h - a throwing net
Armour
 b - a +0 leather armour
 k - a +0 buckler (worn)
 o - a +1 plate armour
 t - a +0 scale mail (worn)
Jewellery
 m - a +6 ring of strength (left hand)
Wands
 f - a wand of roots (6)
 i - a wand of polymorph (6)
 l - a wand of flame (9)
 q - a wand of mindburst (12)
Scrolls
 c - 5 scrolls of enchant weapon
 d - 6 scrolls of identify
 j - 3 scrolls of teleportation
Potions
 g - a potion of curing
 n - 3 potions of might
 s - a potion of mutation


   Skills:
 + Level 6.4 Fighting
 + Level 4.3 Short Blades
 + Level 7.9 Long Blades
 + Level 4.3 Axes
 + Level 4.3 Maces & Flails
 + Level 4.3 Polearms
 + Level 4.3 Staves
 + Level 4.3 Ranged Weapons
 + Level 4.3 Throwing
 + Level 4.3 Armour
 + Level 6.4 Dodging
 + Level 4.3 Stealth
 + Level 4.3 Shields
 + Level 4.3 Unarmed Combat
 + Level 6.7 Spellcasting
 + Level 6.6 Conjurations
 + Level 3.5 Hexes
 + Level 3.5 Summonings
 + Level 3.5 Necromancy
 + Level 3.5 Translocations
 + Level 3.5 Transmutations
 + Level 3.5 Fire Magic
 + Level 3.5 Ice Magic
 + Level 3.5 Air Magic
 + Level 3.5 Earth Magic
 + Level 3.5 Poison Magic
 + Level 4.8 Invocations
 + Level 4.3 Evocations


You had 12 spell levels left.
You knew the following spells:

 Your Spells              Type           Power      Damage    Failure   Level
a - Kiss of Death         Conj/Necr      68%        2d10      6%          1
b - Momentum Strike       Conj/Tloc      34%        3d8       9%          2
c - Hailstorm             Conj/Ice       17%        3d6       19%         3
d - Ozocubu's Armour      Ice            13%        N/A       32%         3

Your spell library contained the following spells:

 Spells                   Type           Power      Damage    Failure   Level
 Freeze                   Ice            52%        1d6       11%         1
 Frozen Ramparts          Ice            26%        1d4       32%         3
 Gell's Gravitas          Tloc           13%        N/A       32%         3
 Teleport Other           Tloc           13%        N/A       32%         3
 Dispersal                Tloc           6%         N/A       100%        6
 Ozocubu's Refrigeration  Ice            6%         4d8       100%        7


Dungeon Overview and Level Annotations

Branches:
Dungeon (8/15)             Temple (1/1) D:6
   Lair: D:8-11

Altars:
Ashenzari
Elyvilon
Kikubaaqudgha
Makhleb
Okawaru
Ru
Sif Muna
Vehumet
Wu Jian
Xom
Zin
Lugonu


Innate Abilities, Weirdness & Mutations

You have very sharp teeth.
Your uncanny sense of smell can sniff out nearby items.
Your experience applies equally to all skills.
Your flesh is heat resistant. (rF+)
You are frail. (-10% HP)
Your muscles are strong. (Str +4, Int/Dex -1)


Message History

Unknown command.
Unknown command.
You puncture the yak! You bite the yak, but do no damage.
The yak is severely wounded.
The yak gores you. The yak misses you. The yak gores you! x2
Unknown command.
Unknown command.
You closely miss the yak.
The yak is severely wounded.
The yak gores you. x2; You block the yak's attack.
The yak barely misses you.
Unknown command.
Unknown command.
You hit the yak.
The yak is severely wounded.
The yak gores you. The yak gores you!
* * * LOW HITPOINT WARNING * * *
The yak gores you.
* * * LOW HITPOINT WARNING * * *
The yak gores you.
* * * LOW HITPOINT WARNING * * *
Unknown command.
You fade into invisibility!
The yak barely misses you. x3; The yak closely misses you.
Unknown command.
Unknown command.
Unknown command.
Your icy armour will break if you move.
Continue?
Your icy armour cracks and falls away as you move.
You see here a +0 long sword.
You flicker for a moment.
You flicker back into view.
Your magical contamination has completely faded away.
The yak attacks as you move away! The yak misses you.
There is a stone staircase leading up here.
The yak barely misses you.
You climb upwards.
There is a stone staircase leading down here.
There is an open door here.
The yak attacks as you move away! The yak gores you!
You die...

############ #.#...
#..........# #.....
#..........# #.#...
#..........########.##..
#....>.....'.........##.
#..........########...##
#..........# #.....
#.....>Y...# #.....
#######@#### #..... #.#
#..... ###.###### #.....
#........# ######
#........# #...)....#
#........# #......).#
#.....<..#


You could see a yak.

Vanquished Creatures
  Pikel (D:4)
  Grinder (D:5)
  A water moccasin (D:7)
  Duvessa (D:4)
  An orc warrior (D:7)
  2 ogres
  A phantom (D:6)
  3 bullfrogs
  5 scorpions
  Dowan (D:4)
  A jelly (D:6)
  An orc priest (D:6)
  2 hounds
  An iguana (D:6)
  Jessica (D:2)
  3 sleepcaps
  An orc wizard (D:7)
  Terence (D:3)
  7 gnolls
  5 adders
  A shadow imp (D:7)
  2 white imps (D:6)
  An ufetubus (D:4)
  A worm (D:4)
  3 dart slugs
  18 orcs
  5 endoplasms
  2 giant cockroaches
  5 goblins
  8 hobgoblins
  2 jackals (D:5)
  3 quokkas
  5 ball pythons
  3 bats
  4 frilled lizards
  10 kobolds
  6 rats
119 creatures vanquished.

Vanquished Creatures (others)
  6 plants (D:2)
6 creatures vanquished.

Grand Total: 125 creatures vanquished

Notes
Turn   | Place    | Note
-------+----------+-------------------------------------------
     0 | D:1      | ZappyNine the Gnoll Reaver began the quest for the Orb.
     0 | D:1      | Reached XP level 1. HP: 20/20 MP: 6/6
   178 | D:1      | Reached XP level 2. HP: 20/26 MP: 7/7
   188 | D:1      | Learned a level 2 spell: Momentum Strike
   832 | D:2      | Reached skill level 5 in Spellcasting
   832 | D:2      | Reached XP level 3. HP: 31/31 MP: 7/9
  1024 | D:2      | Noticed Jessica
  1031 | D:2      | Killed Jessica
  1032 | D:2      | Reached skill level 1 in Short Blades
  1032 | D:2      | Reached skill level 1 in Axes
  1032 | D:2      | Reached skill level 1 in Maces & Flails
  1032 | D:2      | Reached skill level 1 in Polearms
  1032 | D:2      | Reached skill level 1 in Staves
  1032 | D:2      | Reached skill level 1 in Ranged Weapons
  1032 | D:2      | Reached skill level 1 in Throwing
  1032 | D:2      | Reached skill level 1 in Armour
  1032 | D:2      | Reached skill level 1 in Stealth
  1032 | D:2      | Reached skill level 1 in Shields
  1032 | D:2      | Reached skill level 1 in Unarmed Combat
  1032 | D:2      | Reached skill level 1 in Invocations
  1032 | D:2      | Reached skill level 1 in Evocations
  1032 | D:2      | Reached XP level 4. HP: 24/38 MP: 3/11
  1553 | D:3      | Reached skill level 1 in Hexes
  1553 | D:3      | Reached skill level 1 in Summonings
  1553 | D:3      | Reached skill level 1 in Necromancy
  1553 | D:3      | Reached skill level 1 in Translocations
  1553 | D:3      | Reached skill level 1 in Transmutations
  1553 | D:3      | Reached skill level 1 in Fire Magic
  1553 | D:3      | Reached skill level 1 in Ice Magic
  1553 | D:3      | Reached skill level 1 in Air Magic
  1553 | D:3      | Reached skill level 1 in Earth Magic
  1553 | D:3      | Reached skill level 1 in Poison Magic
  2183 | D:3      | Found a burning altar of Makhleb.
  2200 | D:3      | Reached XP level 5. HP: 24/40 MP: 12/12
  2434 | D:3      | Found a faded altar of an unknown god.
  2551 | D:3      | Noticed Terence
  2564 | D:3      | Killed Terence
  2868 | D:4      | Noticed Duvessa
  2868 | D:4      | Noticed Dowan
  2883 | D:3      | Gained mutation: You are frail. (-10% HP) [potion of
                  | mutation]
  2883 | D:3      | Gained mutation: Your muscles are strong. (Str +4, Int/Dex
                  | -1) [potion of mutation]
  2883 | D:3      | Gained mutation: Your flesh is heat resistant. (rF+)
                  | [potion of mutation]
  2914 | D:4      | Noticed a lemure
  2915 | D:4      | Noticed Pikel
  2916 | D:4      | Noticed a lemure
  2916 | D:4      | Noticed a lemure
  2920 | D:4      | Noticed a lemure
  2929 | D:4      | Killed Pikel
  2930 | D:4      | Reached skill level 5 in Fighting
  2930 | D:4      | Reached skill level 7 in Long Blades
  2930 | D:4      | Reached skill level 5 in Dodging
  2930 | D:4      | Reached XP level 6. HP: 16/45 MP: 12/14
  2930 | D:4      | Reached XP level 7. HP: 18/50 MP: 12/15
  3178 | D:4      | Killed Dowan
  3438 | D:4      | Killed Duvessa
  3439 | D:4      | Reached XP level 8. HP: 27/56 MP: 16/16
  4149 | D:5      | Entered Level 5 of the Dungeon
  4364 | D:5      | Noticed Grinder
  4393 | D:5      | Killed Grinder
  4695 | D:6      | Found a staircase to the Ecumenical Temple.
  4778 | Temple   | Entered the Ecumenical Temple
  4821 | Temple   | Became a worshipper of Warmaster Okawaru
  5565 | D:6      | Reached XP level 9. HP: 47/62 MP: 18/18
  6039 | D:7      | Reached * piety under Okawaru
  6140 | D:7      | Found an ancient bone altar of Kikubaaqudgha.
  6345 | D:7      | Learned a level 3 spell: Hailstorm
  6349 | D:7      | Learned a level 3 spell: Ozocubu's Armour
  6622 | D:8      | HP: 1/63 [yak (3)]
  6651 | D:7      | Slain by a yak

Illustrated notes

Levels and vault maps discovered:
D:1:      heliophobic_arrival_enchanted_forest, layout_loops_cross
D:2:      layout_loops_cross, chequers_garden, grunt_ministairs_10,
          lexackson_kobold_supper, uniq_jessica
D:3:      layout_basic, nicolae_overflow_crystal_walls,
          shapermc_ecumenical_altar_petra, uniq_terence
D:4:      layout_rooms, uniq_duvessa, uniq_pikel
D:5:      layout_rooms, uniq_grinder
D:6:      layout_loops_ring, minmay_temple_entry_butterflies
D:7:      layout_basic, lemuel_round_altar, mainiacjoe_overflow_paths,
          lemuel_tele_altar, nrook_uturn, kennysheep_flooded_box, uniq_menkaure
D:8:      layout_loops_ring, gammafunk_temple_overflow_arena,
          general_overflow_altar, trog_antimagical, nemelex_spade_bored_becter,
          serial_undead, serial_undead_e, serial_undead_b, serial_undead_e,
          serial_undead_b, uniq_maurice
Temple:   corrupted_temple

Skill      XL: |  1  2  3  4  5  6  7  8  9 |
---------------+----------------------------+-----
Spellcasting   | 5 6 |  6.7
Short Blades   | 1 2 3 4 |  4.3
Axes           | 1 2 3 4 |  4.3
Maces & Flails | 1 2 3 4 |  4.3
Polearms       | 1 2 3 4 |  4.3
Staves         | 1 2 3 4 |  4.3
Ranged Weapons | 1 2 3 4 |  4.3
Throwing       | 1 2 3 4 |  4.3
Armour         | 1 2 3 4 |  4.3
Stealth        | 1 2 3 4 |  4.3
Shields        | 1 2 3 4 |  4.3
Unarmed Combat | 1 2 3 4 |  4.3
Invocations    | 1 3 4 |  4.8
Evocations     | 1 2 3 4 |  4.3
Hexes          | 1 2 3 |  3.5
Summonings     | 1 2 3 |  3.5
Necromancy     | 1 2 3 |  3.5
Translocations | 1 2 3 |  3.5
Transmutations | 1 2 3 |  3.5
Fire Magic     | 1 2 3 |  3.5
Ice Magic      | 1 2 3 |  3.5
Air Magic      | 1 2 3 |  3.5
Earth Magic    | 1 2 3 |  3.5
Poison Magic   | 1 2 3 |  3.5
Fighting       | 5 6 |  6.4
Long Blades    | 7 |  7.9
Dodging        | 5 6 |  6.4
Conjurations   | 6 |  6.6

Action                     |  1- 3 |  4- 6 |  7- 9 || total
---------------------------+-------+-------+-------++-------
  Melee: Falchion          |    52 |   109 |       ||   161
         Bite              |     1 |    18 |    36 ||    55
         Punch             |     1 |     4 |     3 ||     8
         Short sword       |       |    54 |   323 ||   377
   Cast: Momentum Strike   |     9 |       |    10 ||    19
         Hailstorm         |       |       |     2 ||     2
         Ozocubu's Armour  |       |       |     1 ||     1
    Use: Scroll            |       |     9 |     3 ||    12
         Potion            |       |     2 |     6 ||     8
 Armour: Leather armour    |    15 |     6 |       ||    21
         Plate armour      |       |    72 |    87 ||   159
         Skin              |       |       |    20 ||    20
         Chain mail        |       |       |    16 ||    16
         Scale mail        |       |       |    17 ||    17
  Dodge: Dodged            |    29 |    52 |   100 ||   181
  Block: Buckler           |       |       |    29 ||    29

Table legend: (Time is in decaauts)
 A = Elapsed time spent in this place.
 B = Non-inter-level travel time spent in this place.
 C = Inter-level travel time spent in this place.
 D = Time resting spent in this place.
 E = Time spent auto-exploring this place.
 F = Levels seen in this place.
 G = Mean time per level.
                   A        B        C        D        E       F      G
               +--------+--------+--------+--------+--------+-----+--------+
         Total |   6598 |   6322 |    276 |   1413 |   3766 |   9 |  733.1 |
       Dungeon |   6535 |   6278 |    257 |   1413 |   3745 |   8 |  816.9 |
        Temple |     63 |     45 |     18 |      0 |     21 |   1 |   63.0 |
               +--------+--------+--------+--------+--------+-----+--------+

Top non-repeatable levels by time:
     D:4: 1228 daAuts
     D:2: 1186 daAuts
     D:6: 1138 daAuts
     D:3: 995 daAuts
     D:1: 718 daAuts
     D:7: 652 daAuts
     D:5: 500 daAuts
     D:8: 116 daAuts
  Temple: 63 daAuts
